 Dungeon Crawl Stone Soup version 0.20-a0-739-g6bb112f (webtiles) character file.

112 krabocopter the Cudgeler (level 4, -6/37 HPs)
             Began as a Demonspawn Monk on Feb 24, 2017.
             Was a Priest of Nemelex Xobeh.
             Mangled by a wyvern (13 damage)
             ... summoned by the player character
             ... on level 4 of the Dungeon.
             The game lasted 00:08:43 (3164 turns).

krabocopter the Cudgeler (Demonspawn Monk)          Turns: 3164, Time: 00:08:43

Health: -6/37      AC:  5    Str: 12    XL:     4   Next: 64%
Magic:  4/4        EV: 17    Int: 11    God:    Nemelex Xobeh [***...]
Gold:   178        SH:  0    Dex: 16    Spells: 3/3 levels left

rFire    . . .     SeeInvis .   q - +4 mace
rCold    . . .     Gourm    .   n - +0 leather armour
rNeg     . . .     Faith    .   (no shield)
rPois    .         Spirit   .   (no helmet)
rElec    .         Reflect  .   (no cloak)
rCorr    .         Harm     .   (no gloves)
MR       .....                  (no boots)
Stlth    +.........             (no amulet)
Regen    0.2/turn               v - +3 ring of evasion
MPRegen  0.1/turn               g - +2 ring of evasion

@: heavily drained
A: yellow scales 1, spiny 1, rot immunity
a: Triple Draw, Renounce Religion


You were on level 4 of the Dungeon.
You worshipped Nemelex Xobeh.
Nemelex Xobeh was most pleased with you.
You were not hungry.

You visited 1 branch of the dungeon, and saw 4 of its levels.

You collected 178 gold pieces.

Inventory:

Hand Weapons
 k - a +1 short sword of speed
 q - a +4 mace (weapon)
Armour
 n - a +0 leather armour (worn)
 u - a +0 scale mail
Jewellery
 g - a +2 ring of evasion (left hand)
 r - an uncursed amulet of harm
 v - a +3 ring of evasion (right hand)
Scrolls
 j - a scroll of amnesia
 m - a scroll of magic mapping {unknown}
 o - a scroll of recharging {unknown}
 x - a scroll of remove curse
 A - a scroll of random uselessness {unknown}
 B - a scroll of identify {unknown}
Potions
 b - a potion of resistance
 i - a potion of lignification {unknown}
 l - a potion of cancellation {unknown}
 s - 2 potions of flight {unknown}
 w - 4 potions of curing {unknown}
Miscellaneous
 e - a plain deck of escape
 p - an ornate deck of summoning {drawn: 1}
 y - a plain deck of destruction
Comestibles
 a - 2 royal jellies
 c - 3 bread rations
 h - 3 meat rations
 t - 3 fruits
 z - 5 chunks of flesh


   Skills:
 + Level 3.9(2.5) Fighting
 * Level 4.1(2.7) Maces & Flails
 - Level 3.0(1.6) Dodging
 - Level 1.7(0.4) Stealth


You had 3 spell levels left.
You didn't know any spells.

Dungeon Overview and Level Annotations

Branches:
Dungeon (4/15)
 Temple: D:4-7

Altars:
Nemelex Xobeh


Innate Abilities, Weirdness & Mutations

You are partially covered in yellow scales. (AC +2)
You are partially covered in sharp spines.
You are immune to rotting.


Message History

Your insubstantial wisp is destroyed!
You draw a card...
It is Foxfire.
The insubstantial wisp disappears in a puff of smoke!
Your wyvern bites the wyvern!
The wyvern bites your wyvern!
Your wyvern bites the wyvern but does no damage.
Your wyvern bites the wyvern!
The wyvern bites your wyvern.
Your wyvern closely misses the wyvern.
Your wyvern bites the wyvern.
The wyvern closely misses your wyvern. The wyvern bites your wyvern!
Your wyvern barely misses the wyvern. x2
The wyvern closely misses your wyvern.
Your wyvern completely misses the wyvern.
Your wyvern bites the wyvern!
The wyvern dies!
The wyvern's corpse disappears in a puff of smoke!
The wyvern bites you!
* * * LOW HITPOINT WARNING * * *
Your wyvern bites the wyvern.
The wyvern bites you!
You die...
Your body glows with a rainbow of weird colours and disappears.

..####.##.## ## #.##..#
.## #.###.####.# ..## #.#
#......# #..# #.#
#..##### .#.###.###..#
#########
.......##...#####.......#
##.............#.......#
##...#.##.###.@.......#
##....##.# ###lll....#
#....##.# #....§..#
###...#.# #<..§...#
......#...# #...†...#
......##..# #.......#
##....##..#####.......#
#..##.##.....####..####
#.# #.###......##.##


You could see a wyvern and 2 friendly wyverns.

Vanquished Creatures
  An adder (D:3)
  3 oozes
  A worm (D:2)
  3 leopard geckos
  2 orcs (D:3)
  3 giant cockroaches (D:3)
  7 goblins
  6 hobgoblins
  4 kobolds
  2 quokkas
  A ball python (D:1)
  7 bats
  4 frilled lizards
  6 rats
50 creatures vanquished.

Vanquished Creatures (collateral kills)
  An orc wizard (D:4)
  An adder (D:4)
  A worm (D:4)
  3 orcs (D:4)
  A giant cockroach (D:4)
  A hobgoblin (D:1)
8 creatures vanquished.

Grand Total: 58 creatures vanquished

Notes
Turn   | Place    | Note
-------+----------+-------------------------------------------
     0 | D:1      | krabocopter the Demonspawn Monk began the quest for the Orb.
     0 | D:1      | Reached XP level 1. HP: 18/18 MP: 1/1
   253 | D:1      | Found a sparkling altar of Nemelex Xobeh.
   264 | D:1      | Became a worshipper of Nemelex Xobeh the Trickster
   264 | D:1      | Received a gift from Nemelex Xobeh
   264 | D:1      | Reached * piety under Nemelex Xobeh
   264 | D:1      | Received a gift from Nemelex Xobeh
   264 | D:1      | Received a gift from Nemelex Xobeh
   264 | D:1      | Reached ** piety under Nemelex Xobeh
   456 | D:1      | Reached skill level 3 in Maces & Flails
   458 | D:1      | Gained mutation: You are partially covered in yellow scales. (AC +2) [demonic ancestry]
   458 | D:1      | Reached XP level 2. HP: 24/24 MP: 2/2
  1159 | D:1      | Gained mutation: You are immune to rotting. [demonic ancestry]
  1159 | D:1      | Reached XP level 3. HP: 26/29 MP: 3/3
  1380 | D:2      | Found a faded altar of an unknown god.
  1624 | D:2      | Received a gift from Nemelex Xobeh
  1715 | D:2      | Reached *** piety under Nemelex Xobeh
  2208 | D:3      | Gained mutation: You are partially covered in sharp spines. [demonic ancestry]
  2208 | D:3      | Reached XP level 4. HP: 36/36 MP: 4/4
  2549 | D:3      | Received a gift from Nemelex Xobeh
  3031 | D:4      | Noticed an insubstantial wisp
  3036 | D:4      | Reached skill level 4 in Maces & Flails
  3137 | D:4      | Noticed an insubstantial wisp
  3159 | D:4      | Noticed a wyvern
  3159 | D:4      | Noticed a wyvern
  3164 | D:4      | Mangled by a wyvern

Vault maps used:
D:1:      scummos_arrival_forest, serial_park_tiny_1,
          nemelex_xobeh_ov_fountains_minmay
D:2:      chequers_ecumenical_altar_simple_redux
D:3:      serial_co_window_serial, co_window_paths_a, co_window_paths_b,
          co_window_paths_a, co_window_paths_b, co_window_corner_a,
          co_window_of_opportunity_a, co_window_of_opportunity_a,
          co_window_2corner, co_window_corner_cb, co_window_broadway_c,
          co_window_corner_b, co_window_4corner_b, glass_columns_a,
          glass_columns_a, glass_columns_b
D:4:      first_bread, uniq_edmund

Skill      XL: |  1  2  3  4 |
---------------+-------------+-----
Maces & Flails | 3 4 |  4.1
Dodging        | 3 |  3.0
Fighting       | |  3.9
Stealth        | |  1.7

Action                   |  1- 3 |  4- 6 || total
-------------------------+-------+-------++-------
Melee: Mace              |   107 |    23 ||   130
Evoke: Deck              |     2 |     8 ||    10
  Use: Scroll            |     3 |     1 ||     4
       Potion            |     1 |       ||     1
 Stab: Sleeping          |     5 |       ||     5
  Eat: Chunk             |     4 |     3 ||     7
Armor: Robe              |    10 |       ||    10
       Leather armour    |     7 |     3 ||    10
       Scale mail        |     9 |     1 ||    10
Dodge: Dodged            |    68 |    20 ||    88
